 Dungeon Crawl Stone Soup version 0.28-a0-793-g31680bbd8b (webtiles) character file.

Game seed: 6035200807038095044

39 spiderkeys the Ducker (level 3, 0/17 HPs)
             Began as a Felid Abyssal Knight on Nov 5, 2021.
             Was a Follower of Lugonu.
             Frozen to death by an endoplasm (4 damage)
             ... on level 2 of the Dungeon.
             The game lasted 00:02:57 (2051 turns).

spiderkeys the Ducker (Felid Abyssal Knight)        Turns: 2051, Time: 00:02:57

Health: 0/17       AC:  1    Str:  4    XL:     3   Next: 28%
Magic:  14/14      EV: 22    Int: 13    God:    Lugonu [*.....]
Gold:   61         SH:  0    Dex: 17    Spells: 2/2 levels left
                                        Lives:  0   Deaths: 0

rFire   . . .      SeeInvis +     - Unarmed
rCold   . . .      Faith    .   (shield unavailable)
rNeg    . . .      Spirit   .   (armour unavailable)
rPois   .          Reflect  .   (helmet unavailable)
rElec   .          Harm     .   (cloak unavailable)
rCorr   .          Rampage  .   (gloves unavailable)
Will    ++...                   (boots unavailable)
Stlth   ++........              (no amulet)
HPRegen 0.05/turn               f - ring of Moqib {Will++ MP+9 EV+4 Str-5 Int+2}
MPRegen 0.14/turn               (no ring)

@: quick
A: very small, claws 1, fangs 3, see invisible, speed 1, shaggy fur 1, stealthy
paws, no weapons or thrown items, no armour, multi-lived
a: Renounce Religion, Depart the Abyss


You were on level 2 of the Dungeon.
You worshipped Lugonu.
Lugonu was aware of your devotion.
You visited 1 branch of the dungeon, and saw 2 of its levels.
You visited the Abyss 1 time.

You collected 61 gold pieces.


Innate Abilities, Weirdness & Mutations

You have sharp claws.
You have razor-sharp teeth.
You have supernaturally acute eyesight. (SInv)
You cover ground quickly. (Speed+)
You are covered in fur. (AC +1)
Your paws help you pounce on unaware monsters.
You are incapable of wielding weapons or throwing items.
You cannot wear armour.
You gain extra lives every three experience levels.


   Skills:
 + Level 3.3 Fighting
 + Level 3.7 Dodging
 + Level 1.6 Stealth
 + Level 2.4 Unarmed Combat
 + Level 2.2 Invocations


You had 2 spell levels left.
You didn't know any spells.
Your spell library contained the following spells:

 Spells                   Type           Power      Damage    Failure   Level
 Tukima's Dance           Hex            0%         N/A       67%         3
 Passage of Golubria      Tloc           0%         N/A       97%         4
 Yara's Violent Unravell  Hex/Tmut       0%         3d3       100%        5

Inventory:

Jewellery
 f - the ring of Moqib (left paw) {Will++ MP+9 EV+4 Str-5 Int+2}
   (You acquired it on level 1 of the Dungeon)

   [ring of evasion]

   EV:        It affects your evasion (+4).
   Str:       It affects your strength (-5).
   Int:       It affects your intelligence (+2).
   MP:        It affects your magic capacity (+9).
   Will:      It greatly increases your willpower.
Scrolls
 c - a scroll of identify {@r1}
 g - a scroll of blinking {!r}
Potions
 a - a potion of haste {unknown}
 b - 2 potions of might {unknown}
 d - a potion of resistance {unknown}
 e - a potion of heal wounds {unknown}

Dungeon Overview and Level Annotations

Branches:
Dungeon (2/15)

Altars:

########## ........
#......# #######.
#......# ....#
###......# ..#.###
........# ......#
.......# #.#.#.#
#.....#
#.#.#.###....#.J...#
#.......#....#..@..#
###.#.#.#....##+#'##
#.#.#.#....# #.#
#.#.#.#....# #.#
#.#.#.+(...+ #.#
#.#.###....####.###
#.#.###...........#
..#...........#.#(#
########....#.#.#


You could see an endoplasm.


Message History

There is a stone staircase leading down here.
Key pressed, stopping explore.
An adder comes into view.
An adder is nearby!
An adder is nearby!
The adder hisses angrily.
You miss the adder. The adder misses you. The adder bites you. 😮 HP[-5]
You take 5 damage, and now have 12/17 hp.
MASSIVE DAMAGE!! (PAUSE)
You miss the adder. The adder closely misses you.
You scratch the adder. The adder completely misses you.
You closely miss the adder. You claw the adder. The adder bites you.
* * * LOW HITPOINT WARNING * * *
😨 HP[-4]
You take 4 damage, and now have 8/17 hp.
MASSIVE DAMAGE!! (PAUSE)
You miss the adder. You bite the adder. The adder bites you.
* * * LOW HITPOINT WARNING * * *
You are poisoned.
The adder poisons you!
You scratch the adder. You bite the adder.
You kill the adder!
Lugonu accepts your kill.
You feel sick. 😨 HP[-1]
You take 1 damage, and now have 7/17 hp.
You feel sick.
You see here an adder corpse. 😨 HP[-1]
You take 1 damage, and now have 6/17 hp.
You start resting.
You feel sick. x2
You are no longer poisoned. 😎 HP[+11]
Your hp is fully restored (17).
g - a scroll labelled DABAMN UV HASH You open the door.
There is an open door here.
c - 2 scrolls of identify {@r1} (gained 1) Key pressed, stopping explore.
You now have 53 gold pieces (gained 2).
A rat comes into view.
Found a faded altar of an unknown god.
A rat is nearby!
You enter the shallow water.
Moving in this stuff is going to be slow.
The rat misses you.
You closely miss the rat. The rat bites you. 😕 HP[-3]
You take 3 damage, and now have 14/17 hp.
You closely miss the rat. The rat completely misses you.
Your unstable footing causes you to fumble your attack.
The rat closely misses you.
You closely miss the rat. The rat misses you.
You closely miss the rat. The rat completely misses you.
You scratch the rat.
You kill the rat!
Lugonu accepts your kill.
You see here a rat corpse.
As you read the scroll of identify {@r1}, it crumbles to dust.
g - a scroll of blinking Key pressed, stopping explore.
You now have 61 gold pieces (gained 8).
You open the door.
There is an open door here.
Key pressed, stopping explore.
You open the door.
There is an open door here.
You see here 10 poisoned darts.
You open the door.
An endoplasm comes into view. 😎 HP[+3]
Your hp is fully restored (17).
There is an open door here.
The endoplasm quivers.
You scratch the endoplasm but do no damage.
The endoplasm freezes you.
You are frozen. 😕 HP[-4]
You take 4 damage, and now have 13/17 hp.
MASSIVE DAMAGE!! (PAUSE)
You completely miss the endoplasm. The endoplasm freezes you.
You are frozen.
* * * LOW HITPOINT WARNING * * *
😨 HP[-5]
You take 5 damage, and now have 8/17 hp.
MASSIVE DAMAGE!! (PAUSE)
You scratch the endoplasm. The endoplasm freezes you.
You are frozen.
* * * LOW HITPOINT WARNING * * *
😱 HP[-4]
You take 4 damage, and now have 4/17 hp.
MASSIVE DAMAGE!! (PAUSE)
You scratch the endoplasm.
You scratch the endoplasm but do no damage.
The endoplasm freezes you.
You are frozen.
You die...

Skill      XL: |  1  2 |
---------------+-------+-----
Invocations    | 2 |  2.2
Stealth        | 1 |  1.6
Fighting       | |  3.3
Dodging        | |  3.7
Unarmed Combat | |  2.4

Action                   || total
-------------------------++-------
Melee: Unarmed           ||    86
       Bite              ||    11
       Punch             ||     1
Invok: Depart the Abyss  ||     1
  Use: Scroll            ||     4
 Stab: Sleeping          ||     3
Armor: Skin              ||     4
Dodge: Dodged            ||    90

Levels and vault maps discovered:
D:1:      scummos_arrival_simple_fountains, layout_rooms
D:2:      layout_basic, serial_shops, nicolae_shop_trees,
          chequers_ecumenical_altar_island

Notes
Turn   | Place    | Note
-------+----------+-------------------------------------------
     0 | Abyss:1  | spiderkeys the Felid Abyssal Knight began the quest for the
                  | Orb.
     0 | Abyss:1  | Reached XP level 1. HP: 10/10 MP: 3/3
     0 | Abyss:1  | magus.rc [v1.9.10]
    85 | Abyss:1  | Noticed a freezing wraith
    87 | Abyss:1  | Noticed a spatial maelstrom
   113 | Abyss:1  | Noticed a phantasmal warrior
   121 | Abyss:1  | Found a viscous altar of Jiyva.
   138 | Abyss:2  | Found a corrupted altar of Lugonu.
   146 | Abyss:2  | You add the spells Tukima's Dance, Passage of Golubria and
                  | Yara's Violent Unravelling to your library.
   180 | Abyss:3  | Noticed a large abomination
   194 | Abyss:3  | Found a broken altar of Ashenzari.
   207 | D:1      | You pass through the gate.
   207 | D:1      | Escaped the Abyss
   420 | D:1      | Reached skill level 2 in Invocations
   420 | D:1      | Reached XP level 2. HP: 10/14 MP: 4/4
   433 | D:1      | Reached * piety under Lugonu
   433 | D:1      | HP: 3/14 [rat (1)]
   440 | D:1      | Reached skill level 1 in Stealth
   471 | D:1      | HP: 3/14 [rat (1)]
  1146 | D:1      | HP: 3/14 [constriction (1)]
  1148 | D:1      | Reached XP level 3. HP: 3/17 MP: 5/5
  1414 | D:1      | Identified a scroll of acquirement
  1415 | D:1      | Acquired the ring of Moqib {Will++ MP+9 EV+4 Str-5 Int+2}
  1598 | D:2      | HP: 4/17 [poisoned by an adder]
  1890 | D:2      | Found a faded altar of an unknown god.
  2049 | D:2      | HP: 4/17 [frozen (4)]
  2051 | D:2      | Frozen to death by an endoplasm

Vanquished Creatures
  An adder (D:2)
  A dart slug (D:1)
  2 endoplasms (D:1)
  A giant cockroach (D:1)
  3 goblins (D:1)
  A hobgoblin (D:1)
  3 jackals (D:1)
  A quokka (D:1)
  6 ball pythons (D:1)
  3 bats (D:1)
  2 frilled lizards (D:1)
  A kobold (D:2)
  4 rats
29 creatures vanquished.

Table legend:
 A = Non-vault XP
 B = Vault XP
 C = Vault XP percentage of total XP
 D = Non-vault monster count
 E = Vault monster count
 F = Vault count percentage of total count
                 A         B        C        D         E       F
            +---------+---------+-------+---------+---------+-------
      Total |      57 |       0 |   0.0 |      29 |       0 |   0.0
            +---------+---------+-------+---------+---------+-------
        D:1 |      41 |       0 |   0.0 |      26 |       0 |   0.0
        D:2 |      16 |       0 |   0.0 |       3 |       0 |   0.0
            +---------+---------+-------+---------+---------+-------

Illustrated notes

Table legend:
 A = Kills in this place as a percentage of kills in entire the game.
 B = Kills by you in this place as a percentage of kills by you in the entire game.
 C = Kills by friends in this place as a percentage of kills by friends in the entire game.
 D = Other kills in this place as a percentage of other kills in the entire game.
 E = Experience gained in this place as a percentage of experience gained in the entire game.
 F = Experience gained in this place divided by the number of levels of this place that you have seen.
                   A       B       C       D       E      F
               +-------+-------+-------+-------+-------+----------------------
         Total | 100.0 | 100.0 |   N/A |   N/A | 100.0 |  11.4
       Dungeon | 100.0 | 100.0 |   N/A |   N/A | 100.0 |  28.5
               +-------+-------+-------+-------+-------+----------------------

Table legend: (Time is in decaauts)
 A = Elapsed time spent in this place.
 B = Non-inter-level travel time spent in this place.
 C = Inter-level travel time spent in this place.
 D = Time resting spent in this place.
 E = Time spent auto-exploring this place.
 F = Levels seen in this place.
 G = Mean time per level.
                   A        B        C        D        E       F      G
               +--------+--------+--------+--------+--------+-----+--------+
         Total |   1899 |   1899 |      0 |    270 |   1346 |   5 |  379.8 |
       Dungeon |   1732 |   1732 |      0 |    270 |   1280 |   2 |  866.0 |
         Abyss |    166 |    166 |      0 |      0 |     66 |   3 |   55.3 |
               +--------+--------+--------+--------+--------+-----+--------+

Top non-repeatable levels by time:
     D:1: 1213 daAuts
     D:2: 518 daAuts
 Abyss:1: 104 daAuts
 Abyss:2: 37 daAuts
 Abyss:3: 24 daAuts
